[ AOE2 MATCH · #493737741 ]
UnrankedSpanish vs Mongols
Player's team · WIN
Rival team · LOSS
[ REPLAY ANALYSIS · EXTRACTED FROM THE RECORDED GAME ]
Feudal
11:07
Castle
16:19
Imperial
—
| APM avg | 74.0 |
| APM peak | 121 |
| eAPM avg | 29.2 |
| Villagers / military | 28 / 18 |
Focus
⚔️ 37.3% · 🌾 62.7%
Conquistador ×14 · Scorpion ×2 · Battering Ram ×2
Feudal
8:00
Castle
16:26
Imperial
—
| APM avg | 49.9 |
| APM peak | 81 |
| eAPM avg | 17.2 |
| Villagers / military | 38 / 27 |
Focus
⚔️ 32.7% · 🌾 67.3%
Cavalry Archer ×23 · Mangonel ×2 · Scout Cavalry ×2
Match map
Initial resources + every placement click. Lines = walls · curves = elevation contours. ◆ gold · ⬟ stone · ● berries · ✦ relic · ◌ wall gap
Your base· Open — 15t gap
nlp's base· Open — 7t gap
Smoothed initial terrain · ◌ = detected wall gap · hover for details
Inputs per minute
— 奉天讨贼 Latin America lagge - - nlp
Build order — 奉天讨贼 Latin America lagge
102 actions detected in the replay
| 0:00 | Create | Villager (Male) |
| 0:02 | Build | House |
| 0:02 | Build | House |
| 0:04 | Create | Villager (Male) |
| 0:04 | Create | Villager (Male) |
| 0:04 | Create | Villager (Male) |
| 1:28 | Create | Villager (Male) |
| 1:39 | Create | Villager (Male) |
| 2:10 | Create | Villager (Male) |
| 2:37 | Create | Villager (Male) |
| 2:37 | Create | Villager (Male) |
| 2:38 | Build | Lumber Camp |
| 3:26 | Create | Villager (Male) |
| 3:32 | Create | Villager (Male) |
| 3:32 | Create | Villager (Male) |
| 3:40 | Create | Villager (Male) |
| 4:12 | Build | House |
| 4:44 | Create | Villager (Male) |
| 4:44 | Create | Villager (Male) |
| 4:46 | Build | Mill |
| 5:31 | Create | Villager (Male) |
| 5:31 | Create | Villager (Male) |
| 5:31 | Create | Villager (Male) |
| 5:58 | Build | House |
| 6:16 | Create | Villager (Male) |
| 6:55 | Create | Villager (Male) |
| 6:59 | Create | Villager (Male) |
| 7:25 | Build | Farm |
| 7:27 | Build | Farm |
| 8:01 | Create | Villager (Male) |
| 8:02 | Research | Loom |
| 8:23 | Build | Palisade Wall |
| 8:25 | Build | Palisade Wall |
| 8:26 | Build | Palisade Wall |
| 8:37 | Build | Palisade Wall |
| 8:44 | Build | Mining Camp |
| 8:57 | Research | Feudal Age |
| 9:16 | Build | House |
| 9:18 | Build | Palisade Wall |
| 9:20 | Build | Palisade Wall |
| 9:23 | Build | Palisade Wall |
| 9:25 | Build | Palisade Wall |
| 9:27 | Build | Palisade Wall |
| 9:30 | Create | Villager (Male) |
| 9:31 | Build | Palisade Wall |
| 10:09 | Build | Palisade Wall |
| 10:10 | Build | Palisade Wall |
| 10:13 | Create | Villager (Male) |
| 10:17 | Build | Palisade Gate |
| 11:05 | Build | Palisade Wall |
| 11:07 | Age | Feudal Age |
| 11:08 | Build | Palisade Wall |
| 11:24 | Build | Market |
| 11:59 | Create | Villager (Male) |
| 12:01 | Build | Blacksmith |
| 12:46 | Build | Farm |
| 12:55 | Create | Villager (Male) |
| 13:39 | Research | Castle Age |
| 13:46 | Build | Farm |
| 14:05 | Build | Farm |
| 14:12 | Build | House |
| 14:42 | Research | Double-Bit Axe |
| 14:47 | Research | Horse Collar |
| 14:56 | Build | House |
| 14:58 | Build | Palisade Wall |
| 15:06 | Build | Farm |
| 15:27 | Create | Villager (Male) |
| 15:34 | Build | House |
| 15:47 | Build | Farm |
| 16:08 | Build | Mining Camp |
| 16:19 | Age | Castle Age |
| 16:37 | Build | Castle |
| 16:54 | Research | Bow Saw |
| 16:56 | Create | Villager (Male) |
| 17:11 | Research | Padded Archer Armor |
| 17:34 | Create | Conquistador |
| 17:35 | Create | Conquistador |
| 17:48 | Build | Lumber Camp |
| 18:19 | Build | Farm |
| 18:23 | Create | Conquistador |
| 18:49 | Create | Conquistador |
| 18:53 | Build | Barracks |
| 19:04 | Build | House |
| 19:25 | Create | Conquistador |
| 19:28 | Build | Farm |
| 19:58 | Build | Siege Workshop |
| 19:59 | Create | Conquistador |
| 20:33 | Create | Scorpion |
| 20:36 | Create | Conquistador |
| 20:56 | Create | Conquistador |
| 20:59 | Create | Scorpion |
| 21:02 | Build | Farm |
| 21:14 | Create | Conquistador |
| 21:43 | Create | Conquistador |
| 21:52 | Create | Battering Ram |
| 21:54 | Create | Conquistador |
| 22:12 | Create | Conquistador |
| 22:12 | Create | Conquistador |
| 22:40 | Create | Conquistador |
| 22:50 | Research | Town Watch |
| 22:52 | Build | Stable |
| 23:18 | Create | Battering Ram |
Build order — nlp
116 actions detected in the replay
| 0:00 | Create | Villager (Male) |
| 0:01 | Create | Villager (Male) |
| 0:02 | Build | House |
| 0:03 | Build | House |
| 0:08 | Create | Villager (Male) |
| 0:18 | Create | Villager (Male) |
| 1:27 | Create | Villager (Male) |
| 1:32 | Build | Mill |
| 1:54 | Create | Villager (Male) |
| 2:13 | Create | Villager (Male) |
| 2:51 | Create | Villager (Male) |
| 3:03 | Create | Villager (Male) |
| 3:03 | Create | Villager (Male) |
| 3:10 | Create | Villager (Male) |
| 3:58 | Build | House |
| 4:04 | Create | Villager (Male) |
| 4:07 | Build | Lumber Camp |
| 4:14 | Create | Villager (Male) |
| 4:50 | Create | Villager (Male) |
| 5:11 | Create | Villager (Male) |
| 5:49 | Research | Feudal Age |
| 5:49 | Research | Feudal Age |
| 7:01 | Build | House |
| 7:07 | Build | Barracks |
| 7:20 | Research | Loom |
| 8:00 | Age | Feudal Age |
| 8:05 | Build | Stable |
| 8:21 | Create | Villager (Male) |
| 8:26 | Research | Double-Bit Axe |
| 8:38 | Create | Villager (Male) |
| 8:46 | Build | House |
| 8:49 | Create | Villager (Male) |
| 8:51 | Create | Scout Cavalry |
| 8:52 | Create | Scout Cavalry |
| 9:13 | Build | Mill |
| 9:19 | Create | Villager (Male) |
| 9:25 | Build | House |
| 9:27 | Build | Palisade Wall |
| 9:57 | Create | Villager (Male) |
| 10:07 | Create | Villager (Male) |
| 10:09 | Build | Farm |
| 10:11 | Build | Farm |
| 10:29 | Create | Villager (Male) |
| 10:43 | Create | Villager (Male) |
| 10:44 | Build | Farm |
| 10:47 | Build | Mining Camp |
| 11:24 | Build | Market |
| 11:28 | Create | Villager (Male) |
| 11:56 | Build | Farm |
| 12:11 | Create | Villager (Male) |
| 12:29 | Build | Farm |
| 12:39 | Create | Villager (Male) |
| 13:03 | Create | Villager (Male) |
| 13:46 | Research | Castle Age |
| 13:46 | Research | Castle Age |
| 13:52 | Build | Archery Range |
| 14:07 | Build | Blacksmith |
| 14:16 | Build | House |
| 14:16 | Build | House |
| 14:34 | Build | House |
| 15:02 | Build | Archery Range |
| 15:11 | Build | House |
| 15:19 | Research | Fletching |
| 15:21 | Research | Bloodlines |
| 15:21 | Research | Bloodlines |
| 15:48 | Build | House |
| 16:11 | Create | Villager (Male) |
| 16:26 | Age | Castle Age |
| 16:28 | Create | Cavalry Archer |
| 16:29 | Create | Cavalry Archer |
| 16:38 | Research | Husbandry |
| 16:43 | Create | Villager (Male) |
| 16:47 | Build | University |
| 16:51 | Create | Cavalry Archer |
| 16:51 | Create | Cavalry Archer |
| 17:00 | Create | Villager (Male) |
| 17:05 | Create | Cavalry Archer |
| 17:44 | Create | Villager (Male) |
| 17:59 | Research | Ballistics |
| 18:25 | Build | Farm |
| 18:27 | Build | Farm |
| 18:47 | Research | Bodkin Arrow |
| 18:47 | Research | Bodkin Arrow |
| 18:51 | Create | Cavalry Archer |
| 18:52 | Create | Cavalry Archer |
| 18:59 | Build | Farm |
| 19:04 | Create | Cavalry Archer |
| 19:04 | Create | Cavalry Archer |
| 19:20 | Create | Villager (Male) |
| 19:28 | Create | Cavalry Archer |
| 19:28 | Create | Cavalry Archer |
| 19:31 | Build | Farm |
| 19:45 | Create | Villager (Male) |
| 19:47 | Build | Farm |
| 19:55 | Build | Farm |
| 19:57 | Build | Lumber Camp |
| 20:30 | Create | Villager (Male) |
| 20:32 | Create | Cavalry Archer |
| 20:32 | Create | Cavalry Archer |
| 20:44 | Create | Villager (Male) |
| 20:49 | Build | Siege Workshop |
| 20:50 | Create | Villager (Male) |
| 20:57 | Create | Cavalry Archer |
| 20:57 | Create | Cavalry Archer |
| 21:14 | Create | Cavalry Archer |
| 21:14 | Create | Cavalry Archer |
| 21:35 | Create | Cavalry Archer |
| 21:35 | Create | Cavalry Archer |
| 21:49 | Create | Cavalry Archer |
| 21:49 | Create | Cavalry Archer |
| 22:10 | Create | Mangonel |
| 22:10 | Create | Mangonel |
| 22:12 | Create | Villager (Male) |
| 22:25 | Create | Villager (Male) |
| 22:36 | Create | Cavalry Archer |
| 22:51 | Create | Cavalry Archer |
Match timeline
| 7:07 | nlp · first_building Barracks |
| 8:00 | nlp · age_up feudal |
| 8:05 | nlp · first_building Stable |
| 8:23 | 奉天讨贼 Latin America lagge · wall_segment Palisade Wall x1 |
| 8:25 | 奉天讨贼 Latin America lagge · wall_segment Palisade Wall x3 |
| 8:26 | 奉天讨贼 Latin America lagge · wall_segment Palisade Wall x2 |
| 8:37 | 奉天讨贼 Latin America lagge · wall_segment Palisade Wall x12 |
| 9:18 | 奉天讨贼 Latin America lagge · wall_segment Palisade Wall x1 |
| 9:20 | 奉天讨贼 Latin America lagge · wall_segment Palisade Wall x3 |
| 9:23 | 奉天讨贼 Latin America lagge · wall_segment Palisade Wall x5 |
| 9:25 | 奉天讨贼 Latin America lagge · wall_segment Palisade Wall x3 |
| 9:27 | 奉天讨贼 Latin America lagge · wall_segment Palisade Wall x4 |
| 9:27 | nlp · wall_segment Palisade Wall x5 |
| 9:31 | 奉天讨贼 Latin America lagge · wall_segment Palisade Wall x2 |
| 10:09 | 奉天讨贼 Latin America lagge · wall_segment Palisade Wall x1 |
| 10:10 | 奉天讨贼 Latin America lagge · wall_segment Palisade Wall x1 |
| 11:05 | 奉天讨贼 Latin America lagge · wall_segment Palisade Wall x1 |
| 11:07 | 奉天讨贼 Latin America lagge · age_up feudal |
| 11:08 | 奉天讨贼 Latin America lagge · wall_segment Palisade Wall x1 |
| 12:18 | nlp · first_market_sell 100 stone |
| 12:31 | 奉天讨贼 Latin America lagge · first_market_sell 100 stone |
| 12:35 | 奉天讨贼 Latin America lagge · first_market_buy 100 food |
| 12:43 | nlp · first_market_buy 100 food |
| 13:52 | nlp · first_building Archery Range |
| 14:58 | 奉天讨贼 Latin America lagge · wall_segment Palisade Wall x3 |
| 16:19 | 奉天讨贼 Latin America lagge · age_up castle |
| 16:26 | nlp · age_up castle |
| 16:37 | 奉天讨贼 Latin America lagge · first_building Castle |
| 18:53 | 奉天讨贼 Latin America lagge · first_building Barracks |
| 19:58 | 奉天讨贼 Latin America lagge · first_building Siege Workshop |
| 20:49 | nlp · first_building Siege Workshop |
| 22:52 | 奉天讨贼 Latin America lagge · first_building Stable |
| 23:22 | nlp · resign |
[ AI ANALYSIS · 1 CREDIT ]
What really happened in this match?
Wolo.gg analyzes every decision: build order, eco, micro, common mistakes by bracket. Personalized analysis on WhatsApp or Discord in 30 seconds.
Civ guide
Spanish
Perfil
奉天讨贼 Latin America lagge